AoeStats
← 17_Neo_

Arabia

507970508Analyzed
1v1 RM · 12d ago on Sep 20, 2026· 54m 53s· 2 players
Game mode
Random Map
Map size
Tiny (2 player)
Population
200
Speed
Normal
Resources
Standard
Victory
Conquest
Starting age
Dark Age
Ending age
Imperial Age
RankedLock teamsTeams togetherTeam positionsShared explorationLock speedFull tech treeHidden civsTurbo modeCheats
Victory
Defeat
🇳🇱 Italians · Netherlands
1778
+11
🇨🇴 Goths · Colombia
1676
-11
Gordito
6:19 Loom
8:27 Feudal Age
9:12 Double-Bit Axe
11:36 Fletching
19:15 Castle Age
18:05 Scale Mail Armor
18:14 Horse Collar
20:16 Bow Saw
20:09 Squires
19:32 Pikeman
19:47 Crossbowman
21:28 Bodkin Arrow
27:49 Forging
27:45 Scale Barding Armor
27:46 Husbandry
27:57 Bloodlines
29:33 Town Watch
29:45 Light Cavalry
32:39 Wheelbarrow
34:39 Hand Cart
35:33 Hand Cart
38:47 Padded Archer Armor
39:51 Ballistics
43:20 Herbal Medicine
48:00 Imperial Age
46:43 Treadmill Crane
49:12 Chain Barding Armor
49:34 Chain Mail Armor
49:54 Iron Casting
50:59 Chemistry
50:35 Leather Archer Armor
50:50 Squires
51:22 Plate Mail Armor
52:14 Hoardings
17_Neo_
3:58 Loom
11:01 Feudal Age
15:39 Castle Age
14:36 Scale Barding Armor
14:21 Double-Bit Axe
22:04 Bloodlines
25:28 Husbandry
27:19 Town Watch
28:39 Horse Collar
45:13 Forging
45:03 Scale Mail Armor
47:28 Chain Mail Armor
47:15 Squires
48:32 Pikeman
49:48 Iron Casting
49:30 Man-at-Arms
50:28 Long Swordsman
Connection lost

Rejoining the realm…

Still unreachable

The connection could not be restored.

Session expired

The server has moved on; the page needs a fresh start.